 Dungeon Crawl Stone Soup version 0.24.0-1-gfbc8707122 (webtiles) character file.

Game seed: 9693510826618740692, levelgen mode: deterministic

904 xight the Magician (level 7, -2/36 HPs)
             Began as a Deep Elf Fire Elementalist on Oct 27, 2019.
             Was an Initiate of Vehumet.
             Slain by Grinder (5 damage)
             ... while paralysed by Grinder
             ... on level 6 of the Dungeon.
             The game lasted 00:12:24 (6378 turns).

xight the Magician (Deep Elf Fire Elementalist)     Turns: 6378, Time: 00:12:24

Health: -2/36      AC:  2    Str:  5    XL:     7   Next: 80%
Magic:  3/18       EV:  2    Int: 22    God:    Vehumet [......]
Gold:   202        SH:  0    Dex: 15    Spells: 0/18 levels left

rFire    . . .     SeeInvis .   (no weapon)
rCold    . . .     Gourm    .   (no shield)
rNeg     . . .     Faith    .   a - +0 robe
rPois    .         Spirit   .   (no helmet)
rElec    .         Reflect  .   (no cloak)
rCorr    .         Harm     .   (no gloves)
MR       .....                  (no boots)
Stlth    +++.......             (no amulet)
HPRegen  0.12/turn              (no ring)
MPRegen  0.16/turn              (no ring)

@: paralysed, very slightly contaminated
A: no striking features
a: Renounce Religion


You were on level 6 of the Dungeon.
You worshipped Vehumet.
Vehumet was noncommittal.
You were near starving.

You visited 2 branches of the dungeon, and saw 7 of its levels.

You collected 202 gold pieces.

Inventory:

Missiles
 v - a throwing net (quivered)
Armour
 a - a +0 robe (worn)
 k - a +2 helmet
Jewellery
 h - an uncursed ring of wizardry {unknown}
 t - an uncursed ring of positive energy {unknown}
Scrolls
 b - 3 scrolls of teleportation {unknown}
 d - a scroll of immolation {unknown}
 e - 11 scrolls of identify {unknown}
 j - 2 scrolls of enchant weapon {unknown}
 l - 2 scrolls of amnesia {unknown}
 q - a scroll of remove curse {unknown}
 r - a scroll of noise {unknown}
 s - a scroll of random uselessness {unknown}
 u - a scroll of magic mapping {unknown}
Potions
 f - 2 potions of heal wounds {unknown}
 g - 2 potions of might {unknown}
 i - 2 potions of agility {unknown}
 m - 2 potions of resistance {unknown}
 n - a potion of cancellation {unknown}
 o - a potion of mutation {unknown}
 p - 2 potions of lignification {unknown}
Comestibles
 c - 14 rations


   Skills:
 + Level 4.5 Dodging
 + Level 4.5 Stealth
 * Level 6.4 Spellcasting
 * Level 4.8 Conjurations
 * Level 5.9 Fire Magic


You couldn't memorise any spells.
You knew the following spells:

 Your Spells              Type           Power        Failure   Level  Hunger
a - Flame Tongue          Conj/Fire      ####.        1%          1    None
b - Throw Flame           Conj/Fire      ####..       1%          2    None
c - Conjure Flame         Conj/Fire      ####....     2%          3    #......
d - Sticky Flame          Conj/Fire      ####....     10%         4    ###....
e - Fireball              Conj/Fire      ####......   26%         5    #####..
g - Inner Flame           Hex/Fire       ###.....     8%          3    #......

Your spell library contained the following spells:

 Spells                   Type           Power        Failure   Level  Hunger
 Corona                   Hex            #......      9%          1    None
 Dazzling Spray           Conj/Hex       ###...       10%         3    #......
 Ensorcelled Hibernation  Hex/Ice        #.....       13%         2    None
 Confuse                  Hex            #.......     26%         3    #......
 Tukima's Dance           Hex            #.......     26%         3    #......


Dungeon Overview and Level Annotations

Branches:
Dungeon (6/15)             Temple (1/1) D:6

Altars:
Ashenzari
Cheibriados
Dithmenos
Elyvilon
Fedhas
Gozag
Hepliaklqana
Kikubaaqudgha
Makhleb
Nemelex Xobeh
Okawaru
Qazlal
Ru
Sif Muna
Trog
Uskayaw
Vehumet
Wu Jian
Xom
Yredelemnul
Zin
The Shining One

Shops:
D:5 [

Annotations:
D:6 Grinder


Message History

The flame tongue hits Grinder.
Grinder is heavily wounded.
Grinder burns!
Grinder says, "DUCK!"
Casting: Flame Tongue (safe; 1% risk of failure)
Confirm with . or Enter, or press ? or * to list all spells.
Aiming: Flame Tongue (safe; 1% risk of failure)
Press: ? - help, Shift-Dir - straight line, f/p - Grinder
Aim: Grinder (severely wounded, covered in liquid flames)
The flame tongue hits Grinder.
Grinder is severely wounded.
Grinder burns!
Grinder gestures at you.
You suddenly lose the ability to move!
Grinder burns!
Grinder hits you!
* * * LOW HITPOINT WARNING * * *
You writhe in agony.
* * * LOW HITPOINT WARNING * * *
Grinder burns!
Grinder hits you.
You die...

#.# #.# #.#
#.# #.# #.#
#.# #.# #.#
#.# #.# #.#
#.# #.#
#.#########.#
#........5@.#
###########.#
###


You could see Grinder (burning).

Vanquished Creatures
  A water moccasin (D:5)
  Duvessa (D:5)
  An ogre (D:5)
  2 bullfrogs (D:6)
  A scorpion (D:5)
  Dowan (D:5)
  2 hounds
  An iguana (D:5)
  4 worker ants
  5 gnolls
  A howler monkey skeleton (D:4)
  6 adders
  2 oozes
  An adder zombie (D:6)
  A worm (D:2)
  A dart slug (D:1)
  A leopard gecko (D:3)
  2 orcs
  A ball python (D:2)
  4 giant cockroaches
  6 goblins
  5 hobgoblins
  6 jackals
  3 quokkas
  2 bats
  4 frilled lizards
  7 kobolds
  A quokka skeleton (D:6)
  4 rats
77 creatures vanquished.

Notes
Turn   | Place    | Note
-------+----------+-------------------------------------------
     0 | D:1      | xight the Deep Elf Fire Elementalist began the quest for
                  | the Orb.
     0 | D:1      | Reached XP level 1. HP: 10/10 MP: 6/6
   427 | D:1      | Reached XP level 2. HP: 15/15 MP: 5/8
  1198 | D:2      | Reached XP level 3. HP: 19/19 MP: 7/10
  1202 | D:2      | Learned a level 2 spell: Throw Flame
  1206 | D:2      | Learned a level 3 spell: Conjure Flame
  1210 | D:2      | Learned a level 3 spell: Inner Flame
  1932 | D:2      | Reached XP level 4. HP: 24/24 MP: 0/11
  2908 | D:3      | Reached skill level 4 in Spellcasting
  3523 | D:4      | Reached XP level 5. HP: 28/28 MP: 3/13
  4161 | D:4      | Learned a level 4 spell: Sticky Flame
  4421 | D:5      | Entered Level 5 of the Dungeon
  4537 | D:5      | Noticed Duvessa
  4538 | D:5      | Noticed Dowan
  4610 | D:5      | Noticed an ogre
  4622 | D:5      | Killed an ogre
  4622 | D:5      | Reached skill level 5 in Spellcasting
  4622 | D:5      | Reached XP level 6. HP: 32/32 MP: 5/15
  4767 | D:5      | Killed Dowan
  4767 | D:5      | Reached skill level 5 in Fire Magic
  4879 | D:5      | Killed Duvessa
  4879 | D:5      | Reached XP level 7. HP: 27/36 MP: 6/17
  5013 | D:5      | Found a sparkling altar of Nemelex Xobeh.
  5083 | D:5      | Found Kosizis's Armour Boutique.
  5690 | D:6      | Reached skill level 6 in Spellcasting
  5767 | D:6      | Found a staircase to the Ecumenical Temple.
  5869 | Temple   | Entered the Ecumenical Temple
  5885 | Temple   | Became a worshipper of Vehumet
  6073 | D:6      | Learned a level 5 spell: Fireball
  6348 | D:6      | Noticed Grinder
  6376 | D:6      | Paralysed by Grinder for 4 turns
  6378 | D:6      | Slain by Grinder

Levels and vault maps discovered:
D:1:      matt_arrival_spirals, layout_loops_ring
D:2:      layout_rooms, minmay_crystal_room
D:3:      layout_basic, serial_corexii_hall, corexii_hall_statues_s,
          corexii_hall_statues_deadend, corexii_hall_statues_t
D:4:      layout_rooms, first_ration
D:5:      layout_rooms, lemuel_doored_altar, serial_shops, shop, uniq_duvessa
D:6:      layout_basic, minmay_temple_entry_antechambers, uniq_grinder
Temple:   compressed_dpeg_circular_temple

Skill      XL: |  1  2  3  4  5  6  7 |
---------------+----------------------+-----
Conjurations   | 2 3 4 |  4.8
Stealth        | 3 4 |  4.5
Dodging        | 3 4 |  4.5
Spellcasting   | 4 5 6 |  6.4
Fire Magic     | 4 5 |  5.9

Action                   |  1- 3 |  4- 6 |  7- 9 || total
-------------------------+-------+-------+-------++-------
Melee: Unarmed           |       |     1 |     2 ||     3
 Cast: Flame Tongue      |    43 |    44 |    31 ||   118
       Throw Flame       |    20 |    41 |     8 ||    69
       Conjure Flame     |       |     7 |     5 ||    12
       Sticky Flame      |       |     2 |     1 ||     3
       Inner Flame       |       |       |     1 ||     1
  Eat: Chunk             |     3 |    11 |     3 ||    17
Armor: Robe              |     4 |     6 |     4 ||    14
Dodge: Dodged            |    14 |    23 |     9 ||    46
